AoeStats
← COFFY

Arena

508351936Analyzed
4v4 RM · 10d ago on Sep 22, 2026· 46m 6s· 8 players
Game mode
Random Map
Map size
Large (8 player)
Population
200
Speed
Normal
Resources
Standard
Victory
Conquest
Starting age
Dark Age
Ending age
Imperial Age
RankedLock teamsTeams togetherTeam positionsShared explorationLock speedFull tech treeHidden civsTurbo modeCheats
Victory
Defeat
🇭🇰 Poles · Hong Kong SAR China
1142
+16
🇲🇽 Ethiopians · Mexico
1121
+16
🇲🇽 Teutons · Mexico
1113
+17
🇨🇳 Spanish · China
1044
+20
🇦🇷 Italians · Argentina
1227
-21
🇨🇱 Turks · Chile
1139
-18
🇨🇱 Franks · Chile
1077
-15
🇨🇱 Inca · Chile
1073
-15
オンドリ
6:34 Loom
10:23 Feudal Age
14:17 Castle Age
12:13 Stone Mining
14:58 Arson
15:17 Scale Mail Armor
16:27 Squires
25:09 Fletching
27:23 Padded Archer Armor
28:01 Loom
28:19 Elite Skirmisher
33:58 Forging
35:25 Leather Archer Armor
38:40 Bodkin Arrow
46:02 Imperial Age
45:23 Iron Casting
45:03 Chain Mail Armor
45:31 Double-Bit Axe
Lord_Farquaad
11:40 Feudal Age
15:56 Castle Age
13:53 Double-Bit Axe
14:10 Horse Collar
17:39 Bow Saw
25:20 Forging
25:16 Scale Barding Armor
26:50 Loom
27:41 Wheelbarrow
26:51 Town Watch
30:58 Imperial Age
29:40 Gold Mining
32:21 Iron Casting
31:36 Fletching
32:51 Chemistry
33:06 Ballistics
34:08 Heavy Scorpion
37:43 Two-Man Saw
36:46 Heavy Plow
36:46 Cavalier
38:19 Bodkin Arrow
38:25 Padded Archer Armor
39:28 Blast Furnace
41:38 Chain Barding Armor
44:32 Paladin
45:24 Bloodlines
imkl
11:15 Feudal Age
12:49 Wheelbarrow
15:25 Castle Age
13:14 Horse Collar
13:42 Double-Bit Axe
16:18 Heavy Plow
20:06 Bow Saw
23:07 Stone Mining
23:36 Gold Mining
24:40 Stone Shaft Mining
25:28 Hand Cart
27:26 Forging
27:16 Scale Mail Armor
27:22 Scale Barding Armor
27:13 Loom
30:08 Imperial Age
28:11 Szlachta Privileges
27:29 Light Cavalry
28:20 Bloodlines
28:10 Husbandry
29:18 Iron Casting
30:34 Chain Barding Armor
30:26 Cavalier
31:28 Conscription
33:17 Blast Furnace
32:07 Fletching
33:38 Crop Rotation
36:24 Bodkin Arrow
35:59 Elite Skirmisher
41:13 Bracer
菜鸟不是菜
10:57 Feudal Age
15:23 Castle Age
14:12 Double-Bit Axe
40:37 Bow Saw
41:21 Horse Collar
42:39 Wheelbarrow
44:46 Hand Cart
45:13 Padded Archer Armor
45:03 Fletching
46:43 Leather Archer Armor
46:24 Bodkin Arrow
wtfckkk
11:56 Feudal Age
12:58 Double-Bit Axe
15:50 Castle Age
16:20 Scale Barding Armor
24:09 Husbandry
24:36 Chain Barding Armor
27:45 Forging
36:36 Iron Casting
37:07 Gold Mining
39:30 Bow Saw
42:58 Imperial Age
41:53 Gold Shaft Mining
43:05 Cavalier
45:34 Blast Furnace
45:10 Plate Barding Armor
nas! ANDi
11:44 Feudal Age
15:30 Castle Age
20:32 Imperial Age
18:13 Double-Bit Axe
19:24 Bow Saw
19:48 Gold Mining
25:47 Loom
27:02 Wheelbarrow
36:45 Fervor
36:56 Sanctity
41:52 Gold Shaft Mining
40:59 Horse Collar
42:48 Bloodlines
42:41 Husbandry
43:09 Town Watch
COFFY
12:10 Feudal Age
13:47 Double-Bit Axe
16:16 Castle Age
14:22 Horse Collar
15:02 Gold Mining
16:46 Wheelbarrow
16:05 Stone Mining
17:37 Bow Saw
18:10 Heavy Plow
20:08 Hand Cart
22:20 Town Watch
24:41 Champi Runner
28:08 Champi Warrior
32:17 Scale Mail Armor
34:45 Forging
34:51 Chain Mail Armor
42:00 Iron Casting
44:34 Imperial Age
44:21 Gold Shaft Mining
44:21 Stone Shaft Mining
44:37 Fletching
44:47 Padded Archer Armor
44:47 Elite Kamayuk
PeloDeElite
8:11 Loom
10:43 Feudal Age
16:18 Castle Age
14:13 Double-Bit Axe
17:29 Wheelbarrow
20:49 Imperial Age
19:42 Fletching
21:16 Bodkin Arrow
23:18 Chemistry
24:36 Conscription
26:33 Ballistics
28:39 Padded Archer Armor
29:26 Horse Collar
31:49 Leather Archer Armor
33:12 Bracer
36:45 Ring Archer Armor
37:45 Gold Mining
40:50 Bow Saw
40:33 Stone Mining
42:24 Hand Cart
42:48 Town Watch
43:13 Thumb Ring
44:51 Scale Barding Armor
44:56 Forging
Connection lost

Rejoining the realm…

Still unreachable

The connection could not be restored.

Session expired

The server has moved on; the page needs a fresh start.